 Dungeon Crawl Stone Soup version 0.24-a0-264-gf46a388 (webtiles) character file.

Game seed: 13018793232524868201

156 Laiders72 the Shield-Bearer (level 5, -4/49 HPs)
             Began as a Deep Dwarf Fighter on Apr 21, 2019.
             Slain by an ogre
             ... wielding a +0 giant club
              (19 damage)
             ... on level 3 of the Dungeon.
             The game lasted 00:04:07 (1784 turns).

Laiders72 the Shield-Bearer (Deep Dwarf Fighter)    Turns: 1784, Time: 00:04:08

Health: -4/49      AC:  8    Str: 20    XL:     5   Next: 15%
Magic:  5/5        EV:  7    Int:  9    God:
Gold:   63         SH:  9    Dex: 12    Spells: 4/4 levels left

rFire    + . .     SeeInvis .   a - +0 flail
rCold    x . .     Gourm    .   c - +0 shield
rNeg     . . .     Faith    .   b - +0 scale mail
rPois    .         Spirit   .   (no helmet)
rElec    .         Reflect  .   (no cloak)
rCorr    +         Harm     .   (no gloves)
MR       .....                  i - +0 pair of boots
Stlth    ..........             (no amulet)
HPRegen  0.00/turn              e - ring of fire
MPRegen  0.09/turn              g - ring of resist corrosion

@: non-regenerating
A: damage resistance, heal wounds, sense surroundings 1, no regeneration
a: Heal Wounds


You were on level 3 of the Dungeon.
You were not hungry.

You visited 1 branch of the dungeon, and saw 3 of its levels.

You collected 63 gold pieces.

Inventory:

Hand Weapons
 a - a +0 flail (weapon)
Armour
 b - a +0 scale mail (worn)
 c - a +0 shield (worn)
 i - a +0 pair of boots (worn)
Jewellery
 e - a ring of fire (left hand)
 g - a ring of resist corrosion (right hand)
Scrolls
 h - a scroll of blinking {unknown}
 l - a scroll of fog {unknown}
 n - a scroll of remove curse {unknown}
Potions
 d - 2 potions of might
 j - 2 potions of curing {unknown}
 k - a potion of heal wounds {unknown}
 m - a potion of ambrosia {unknown}
Comestibles
 f - 5 rations
 o - a chunk of flesh


   Skills:
 + Level 3.5 Fighting
 * Level 4.0 Maces & Flails
 - Level 3.3 Armour
 + Level 4.2 Shields


You had 4 spell levels left.
You didn't know any spells.
Your spell library was empty.

Dungeon Overview and Level Annotations

Branches:
Dungeon (3/15)

Altars:


Innate Abilities, Weirdness & Mutations

You are resistant to damage.
You can heal yourself by infusing magical energy.
You passively map a small area around you.
You do not regenerate.


Message History

You completely miss the ogre.
The ogre is moderately wounded.
The ogre hits you with a +0 giant club.
You hit the ogre.
The ogre is heavily wounded.
The ogre hits you with a +0 giant club!
* * * LOW HITPOINT WARNING * * *
You feel much better.
You hit the ogre.
The ogre is heavily wounded.
The ogre barely misses you.
You barely miss the ogre.
The ogre is heavily wounded.
The ogre hits you with a +0 giant club! The dart slug launches a dart at you.
The slug dart hits you.
You barely miss the ogre.
The ogre is heavily wounded.
The ogre hits you with a +0 giant club!!
You die...

##...........# *
#.........#.####.## ,
####.#............, , ,
* * #.###.........## ,
,,,* #.# #..........#,
. *##..##......#... ...
, ,
*..#...>.#.###...##....
#.......#..###........
#......รท##(...@O......
,
..#.....####%.........
. #.....# #.....#....,
, #.....# ..w[.#......
########.....###.... ,
* * #......# ..(. *, ,
,,.......## * ... *
..%.#... * .. , * ,


You could see an ogre and a dart slug.

Vanquished Creatures
  Terence (D:2)
  Natasha (twice) (D:2)
  An adder (D:3)
  3 worms
  2 dart slugs
  4 ball pythons
  9 bats
  A giant cockroach (D:2)
  8 goblins
  4 hobgoblins
  6 jackals (D:1)
  4 kobolds
  A quokka (D:3)
  2 frilled lizards
  6 rats
54 creatures vanquished.

Vanquished Creatures (others)
  Natasha (D:2)
1 creature vanquished.

Grand Total: 55 creatures vanquished

Notes
Turn   | Place    | Note
-------+----------+-------------------------------------------
     0 | D:1      | Laiders72 the Deep Dwarf Fighter began the quest for the
                  | Orb.
     0 | D:1      | Reached XP level 1. HP: 20/20 MP: 1/1
    92 | D:1      | Reached XP level 2. HP: 18/27 MP: 2/2
   646 | D:1      | Reached XP level 3. HP: 17/34 MP: 3/3
   971 | D:2      | Noticed Natasha
   983 | D:2      | Killed Natasha
  1093 | D:2      | Reached XP level 4. HP: 26/42 MP: 4/4
  1148 | D:2      | Noticed Natasha
  1162 | D:2      | Killed Natasha
  1418 | D:2      | Noticed Terence
  1419 | D:2      | Noticed Natasha
  1438 | D:2      | Killed Natasha
  1449 | D:2      | Killed Terence
  1537 | D:2      | Reached XP level 5. HP: 48/49 MP: 5/5
  1770 | D:3      | Noticed an ogre
  1784 | D:3      | Slain by an ogre

Levels and vault maps discovered:
D:1:      ebering_trefoil_twist, layout_basic
D:2:      layout_basic, uniq_natasha, uniq_terence
D:3:      layout_rooms, lemuel_coloured_pillars_altar, first_ration

Skill      XL: |  1  2  3  4  5 |
---------------+----------------+-----
Fighting       | 3 |  3.5
Maces & Flails | 3 4 |  4.0
Shields        | 4 |  4.2
Armour         | |  3.3

Action                   |  1- 3 |  4- 6 || total
-------------------------+-------+-------++-------
Melee: Flail             |   133 |    88 ||   221
 Abil: Heal Wounds       |     1 |     4 ||     5
  Eat: Chunk             |     1 |     2 ||     3
Armor: Scale mail        |    84 |    47 ||   131
Dodge: Dodged            |    45 |    31 ||    76
Block: Shield            |    95 |    42 ||   137

Table legend:
 A = Non-vault XP
 B = Vault XP
 C = Vault XP percentage of total XP
 D = Non-vault monster count
 E = Vault monster count
 F = Vault count percentage of total count
                 A         B        C        D         E       F
            +---------+---------+-------+---------+---------+-------
      Total |     153 |      71 |  31.7 |      53 |       2 |   3.6
            +---------+---------+-------+---------+---------+-------
        D:1 |      43 |       0 |   0.0 |      24 |       0 |   0.0
        D:2 |      84 |      71 |  45.8 |      23 |       2 |   8.0
        D:3 |      26 |       0 |   0.0 |       6 |       0 |   0.0
            +---------+---------+-------+---------+---------+-------
